[Event "Early-Titled-Tuesday-Blitz-February-27-2024"]
[Site "Chess.com"]
[Date "2024.02.27"]
[Round "1"]
[White "Msb2"]
[Black "NLLO777"]
[Result "1-0"]
[WhiteElo "3023"]
[BlackElo "2529"]
[TimeControl "180+1"]
[EndTime "8:04:46 PST"]
[Termination "Msb2 won by checkmate"]

1. d4 Nf6 2. c4 e6 3. Nc3 Bb4 4. e3 O-O 5. Bd2 b6 6. Nf3 Bb7 7. Bd3 Re8 8. Qc2 Bf8 9. e4 d6 10. e5 dxe5 11. dxe5 Bxf3 12. gxf3 Nh5 13. Bxh7+ Kh8 14.
Be4 c6 15. f4 Qh4 16. Ne2 Bc5 17. O-O-O Bxf2 18. Kb1 Rc8 19. Bc1 g6 20. Bxg6 fxg6 21. Qxg6 Ng7 22. Ka1 Qh5 23. Qg2 Qxe2 24. Rd2 Qxc4 25.
Rxf2 Nd7 26. Rg1 Nh5 27. Qg6 Nf8 28. Qg8# 1-0

[Event "Early-Titled-Tuesday-Blitz-February-27-2024"]
[Site "Chess.com"]
[Date "2024.02.27"]
[Round "1"]
[White "Nikolakis2014"]
[Black "volkanyirik"]
[Result "1-0"]
[WhiteElo "2752"]
[BlackElo "2424"]
[TimeControl "180+1"]
[EndTime "8:04:47 PST"]
[Termination "Nikolakis2014 won by resignation"]

1. d4 Nf6 2. c4 c5 3. d5 b5 4. cxb5 a6 5. e3 axb5 6. Bxb5 g6 7. Nc3 Bg7 8. e4 O-O 9. Nf3 Qa5 10. Bd3 c4 11. Bc2 d6 12. O-O Ba6 13. h3 Nbd7 14.
Be3 Nc5 15. Bd4 Nd3 16. Rb1 Rab8 17. Bxd3 cxd3 18. Re1 Nd7 19. Bxg7 Kxg7 20. Qd2 Qc5 21. Rec1 Qb4 22. a3 Qb6 23. b4 Bc4 24. Qb2 Kg8 25.
a4 Ne5 26. Nxe5 dxe5 27. Nd1 Rfc8 28. Ne3 Ba6 29. b5 Bb7 30. Qxe5 d2 31. Rd1 Qa5 32. Ng4 h5 33. Nh6+ Kh7 34. Nxf7 1-0

[Event "Early-Titled-Tuesday-Blitz-February-27-2024"]
[Site "Chess.com"]
[Date "2024.02.27"]
[Round "1"]
[White "pr1105"]
[Black "Egor_Koshulyan"]
[Result "0-1"]
[WhiteElo "2322"]
[BlackElo "2644"]
[TimeControl "180+1"]
[EndTime "8:04:48 PST"]
[Termination "Egor_Koshulyan won by resignation"]

1. e4 c5 2. Nf3 Nc6 3. Bb5 g5 4. Nxg5 Nf6 5. d3 Rg8 6. O-O Nd4 7. Bc4 d5 8. exd5 h6 9. c3 b5 10. cxd4 bxc4 11. Ne4 Bh3 12. Ng3 Bg4 13. Qa4+ Bd7 14. Qxc4 cxd4 15. Qxd4 Bg7 16. Nc3 Ng4 17. Qe4 Bf6 18.
Re1 Qb6 19. Re2 a5 20. h3 Nxf2 21. Be3 Nxe4 22. Bxb6 Nxg3 23. Re3 Rb8 24. Bxa5 Bd4 0-1

[Event "Early-Titled-Tuesday-Blitz-February-27-2024"]
[Site "Chess.com"]
[Date "2024.02.27"]
[Round "1"]
[White "HanSchut"]
[Black "Fumitoks"]
[Result "1/2-1/2"]
[WhiteElo "2308"]
[BlackElo "2620"]
[TimeControl "180+1"]
[EndTime "8:04:48 PST"]
[Termination "Game drawn by repetition"]

1. e4 c5 2. Nf3 d6 3. d4 cxd4 4. Nxd4 Nf6 5. f3 e5 6. Bb5+ Bd7 7. Bxd7+ Nbxd7 8. Nf5 Qb6 9. c4 g6 10. Ne3 Bg7 11. Nc3 O-O 12. Ned5 Nxd5 13. Nxd5 Qa6 14. b3 Nf6 15. Nc3 Qb6 16. Qe2 Rac8 17. Be3 Qa5 18. Qd2 Rfd8 19. O-O a6 20. a4 Qb4 21. Rab1 h6 22.
Rfc1 Kh7 23. Qf2 Rf8 24. Bd2 Qc5 25. Be3 Qb4 26. Bd2 Qc5 27. Be3 Qb4 1/2-1/2

[Event "Early-Titled-Tuesday-Blitz-February-27-2024"]
[Site "Chess.com"]
[Date "2024.02.27"]
[Round "1"]
[White "tsaruk_maks"]
[Black "Schattman"]
[Result "1-0"]
[WhiteElo "2763"]
[BlackElo "2434"]
[TimeControl "180+1"]
[EndTime "8:04:49 PST"]
[Termination "tsaruk_maks won by resignation"]

1. d4 Nf6 2. c4 g6 3. Nf3 Bg7 4. g3 c6 5. Bg2 d5 6. O-O O-O 7. b3 a5 8. Bb2 a4 9. cxd5 cxd5 10.
bxa4 Qa5 11. Nc3 Ne4 12. Nxe4 dxe4 13. Ne5 Qxa4 14. Qb3 Be6 15. Qxb7 Ra7 16. Qxe4 Bxe5 17. Qxe5 Nd7 18. Qg5 Ra5 19. Qxe7 Nb6 20. d5 Nc4 21.
Bd4 Nd2 22. Qf6 1-0

[Event "Early-Titled-Tuesday-Blitz-February-27-2024"]
[Site "Chess.com"]
[Date "2024.02.27"]
[Round "1"]
[White "Noki102"]
[Black "GHANDEEVAM2003"]
[Result "0-1"]
[WhiteElo "2528"]
[BlackElo "3016"]
[TimeControl "180+1"]
[EndTime "8:04:54 PST"]
[Termination "GHANDEEVAM2003 won by resignation"]

1. d4 d6 2. Nf3 g6 3. g3 Bg7 4. Bg2 Nc6 5. O-O Nf6 6. Nc3 O-O 7. e4 Rb8 8. a4 a5 9. h3 Nb4 10. Be3 c6 11. Qd2 Bd7 12. Rfd1 Qc7 13. e5 Nfd5 14. Nxd5 Nxd5 15. Bh6 Rbd8 16. Qg5 Bf5 17. c3 Be4 18. Qh4 Bxf3 19. Bxf3 dxe5 20. dxe5 Qxe5 21. Re1 Qf6 22.
Qxf6 exf6 23. Bd2 f5 24. Re2 Rd7 25. Rae1 h5 26. h4 Nb6 27. b3 Rd3 28. b4 Rxf3 29. bxa5 Nc4 0-1

[Event "Early-Titled-Tuesday-Blitz-February-27-2024"]
[Site "Chess.com"]
[Date "2024.02.27"]
[Round "1"]
[White "SantoBlue"]
[Black "viktorgen2021"]
[Result "1-0"]
[WhiteElo "2956"]
[BlackElo "2518"]
[TimeControl "180+1"]
[EndTime "8:04:54 PST"]
[Termination "SantoBlue won by resignation"]

1. e4 g6 2. d4 Bg7 3. Nf3 d6 4. Bd3 Bg4 5. c3 Nf6 6. Nbd2 e5 7. h3 Bxf3 8. Nxf3 Nc6 9. O-O O-O 10. Re1 Re8 11. d5 Ne7 12. c4 Rf8 13. Be3 Nh5 14.
c5 Nf4 15. Bf1 f5 16. cxd6 cxd6 17. Bxf4 exf4 18. Ng5 Qb6 19. Ne6 Be5 20. Nxf8 Rxf8 21. Rc1 fxe4 22. Rxe4 f3 23. gxf3 Rf5 24. h4 Rf8 25.
Qb3 Qd8 26. Bh3 Nf5 27. Qxb7 Nd4 28. Rc8 Nxf3+ 29. Kg2 Nxh4+ 30. Rxh4 Qxh4 31. Be6+ 1-0

[Event "Early-Titled-Tuesday-Blitz-February-27-2024"]
[Site "Chess.com"]
[Date "2024.02.27"]
[Round "1"]
[White "lilleper1"]
[Black "Mesa_1"]
[Result "1-0"]
[WhiteElo "2950"]
[BlackElo "2515"]
[TimeControl "180+1"]
[EndTime "8:04:54 PST"]
[Termination "lilleper1 won by resignation"]

1. Nf3 Nf6 2. c4 g6 3. Nc3 Bg7 4. e4 d6 5. d4 O-O 6. Be2 e5 7. O-O Bg4 8. d5 a5 9. Ne1 Bxe2 10. Qxe2 Na6 11. Nd3 Nd7 12. Rb1 Nb4 13. b3 Nxd3 14.
Qxd3 f5 15. a3 Nc5 16. Qc2 Qh4 17. exf5 gxf5 18. Be3 Nd7 19. f3 Nf6 20. Qxf5 Rae8 21. Qg5 Qxg5 22. Bxg5 Nh5 23. Ne4 b6 24. g3 h6 25. Be3 Kh7 26. Kg2 Bh8 27. b4 axb4 28. axb4 Ng7 29. c5 bxc5 30. bxc5 Nf5 31. Bf2 Ra8 32.
Rb7 Ra2 33. Rxc7+ Kg6 34. Kg1 dxc5 35. Bxc5 Rb8 36. Rf2 Rb1+ 37. Kg2 Raa1 38. Rc2 Rg1+ 39. Bxg1 1-0

[Event "Early-Titled-Tuesday-Blitz-February-27-2024"]
[Site "Chess.com"]
[Date "2024.02.27"]
[Round "1"]
[White "GatoRojo150"]
[Black "Yushko_Olga"]
[Result "1-0"]
[WhiteElo "2592"]
[BlackElo "2211"]
[TimeControl "180+1"]
[EndTime "8:04:54 PST"]
[Termination "GatoRojo150 won by resignation"]

1. e4 e6 2. d4 d5 3. Nc3 Nf6 4. e5 Nfd7 5. Nf3 c5 6. Bg5 Nc6 7. Bxd8 Nxd8 8. Bb5 Be7 9. O-O O-O 10. Bxd7 Bxd7 11. Ne2 Rc8 12. c3 b5 13. Nf4 a5 14.
h4 b4 15. Ng5 h6 16. Nf3 Nc6 17. Nh5 Rb8 18. Qd2 a4 19. a3 Na5 20. Qf4 Kh7 21. Qg4 Rg8 22. Qf4 Rgf8 23. Rfe1 Nc4 24. Re2 Bb5 25. Nh2 Nxa3 26. Ree1 Nc2 27. Ng4 Nxa1 28. Rxa1 bxc3 29. bxc3 Bc6 30. Nxg7 1-0

[Event "Early-Titled-Tuesday-Blitz-February-27-2024"]
[Site "Chess.com"]
[Date "2024.02.27"]
[Round "1"]
[White "bipe137"]
[Black "dorpato"]
[Result "1-0"]
[WhiteElo "2561"]
[BlackElo "2113"]
[TimeControl "180+1"]
[EndTime "8:04:56 PST"]
[Termination "bipe137 won by resignation"]

1. d4 Nf6 2. c4 g6 3. Nc3 d5 4. cxd5 Nxd5 5. e4 Nxc3 6. bxc3 Bg7 7. Bc4 O-O 8. h4 h5 9. Ne2 a6 10. Be3 b5 11. Bd5 c6 12. Bb3 a5 13. a3 Qc7 14.
Nf4 Kh7 15. f3 c5 16. g4 cxd4 17. cxd4 Qc3+ 18. Kf2 Nc6 19. Ne2 Qb2 20. Ra2 Qxa2 21.
Bxa2 b4 22. gxh5 gxh5 23. Ng3 1-0

[Event "Early-Titled-Tuesday-Blitz-February-27-2024"]
[Site "Chess.com"]
[Date "2024.02.27"]
[Round "1"]
[White "cthulhuuu"]
[Black "mr_gustavo"]
[Result "0-1"]
[WhiteElo "2416"]
[BlackElo "2729"]
[TimeControl "180+1"]
[EndTime "8:04:58 PST"]
[Termination "mr_gustavo won by resignation"]

1. e4 e6 2. d3 d5 3. Nd2 g6 4. g3 Bg7 5. Bg2 Ne7 6. Ngf3 O-O 7. O-O c5 8. Re1 Nbc6 9. Qe2 b6 10. e5 Bb7 11. Nf1 Rc8 12. c3 Qd7 13. h4 h5 14. N1h2 Nf5 15. Bh3 d4 16. c4 Nce7 17. Bg5 Qc6 18. g4 hxg4 19. Bxg4 Rfe8 20. h5 gxh5 21.
Bxh5 Ng6 22. Ng4 Ngh4 23. Ngh2 Ng6 24. Ng4 Nfh4 25. Ngh2 Nxf3+ 26. Bxf3 Qc7 27. Bxb7 Qxb7 28. Ng4 0-1

[Event "Early-Titled-Tuesday-Blitz-February-27-2024"]
[Site "Chess.com"]
[Date "2024.02.27"]
[Round "1"]
[White "Jamal-Jamal-Jamal"]
[Black "DefiantChair"]
[Result "0-1"]
[WhiteElo "2271"]
[BlackElo "2611"]
[TimeControl "180+1"]
[EndTime "8:04:58 PST"]
[Termination "DefiantChair won by resignation"]

1. e4 c5 2. Nf3 d6 3. d4 cxd4 4.
Qxd4 Nc6 5. Qe3 Nf6 6. Be2 g6 7. h3 Bg7 8. O-O O-O 9. Rd1 Nd7 10. c4 Nc5 11. Nc3 a5 12. Nb5 a4 13. Rb1 Ne5 14.
Nxe5 Bxe5 15. f4 Bg7 16. e5 Bf5 17. Ra1 Re8 18. Bf3 Bd7 19. exd6 exd6 20. Qd2 Bxb5 21. cxb5 a3 22. Rb1 Na4 23. Bxb7 Qb6+ 24. Kh1 Qxb7 25.
Qxd6 axb2 0-1

[Event "Early-Titled-Tuesday-Blitz-February-27-2024"]
[Site "Chess.com"]
[Date "2024.02.27"]
[Round "1"]
[White "javierfreilemartin"]
[Black "averageFM"]
[Result "0-1"]
[WhiteElo "2299"]
[BlackElo "2631"]
[TimeControl "180+1"]
[EndTime "8:04:59 PST"]
[Termination "averageFM won by checkmate"]

1. c4 Nf6 2. Nc3 e6 3. e4 d5 4. e5 d4 5. exf6 dxc3 6. bxc3 Qxf6 7. Nf3 b6 8. d4 Bb7 9. Be2 Bd6 10. Rb1 Qg6 11.
Rb5 a6 12. Rg5 Qf6 13. c5 h6 14. cxd6 hxg5 15. dxc7 Nd7 16. Bxg5 Qg6 17. Bd3 Be4 18. Bxe4 Qxe4+ 19. Be3 Qc6 20. O-O Qxc7 21. Ng5 Qxh2# 0-1

[Event "Early-Titled-Tuesday-Blitz-February-27-2024"]
[Site "Chess.com"]
[Date "2024.02.27"]
[Round "1"]
[White "claudyna16"]
[Black "Adar_07"]
[Result "0-1"]
[WhiteElo "2453"]
[BlackElo "2800"]
[TimeControl "180+1"]
[EndTime "8:05:00 PST"]
[Termination "Adar_07 won by resignation"]

1. c4 e5 2. g3 c6 3. Bg2 d5 4. cxd5 cxd5 5. Qb3 Nf6 6. Nc3 Nc6 7. Nxd5 Nd4 8. Nxf6+ Qxf6 9. Qd1 Bf5 10. d3 Rc8 11. Kf1 Bc5 12. b3 O-O 13. Bb2 Bg4 14. Nf3 Nxf3 15.
Bxf3 Bh3+ 16. Kg1 g5 17. e3 Rfd8 18. Bg2 Bf5 19. Bf1 Be4 20. Qd2 Qf3 21. dxe4 Rxd2 0-1

[Event "Early-Titled-Tuesday-Blitz-February-27-2024"]
[Site "Chess.com"]
[Date "2024.02.27"]
[Round "1"]
[White "FontVella8"]
[Black "Quattroporte300"]
[Result "1-0"]
[WhiteElo "2699"]
[BlackElo "2395"]
[TimeControl "180+1"]
[EndTime "8:05:00 PST"]
[Termination "FontVella8 won by resignation"]

1. e4 c5 2. Nf3 d6 3. d4 cxd4 4. Nxd4 Nf6 5. f3 a6 6. c4 e5 7. Nc2 Nc6 8. Nc3 Be6 9. Be3 Be7 10. Rc1 O-O 11. Qd2 Nh5 12. g3 f5 13. exf5 Bxf5 14.
Be2 Bh3 15. Nd5 Kh8 16. Bb6 Qd7 17. Bf2 h6 18. Nb6 Qe6 19. Nxa8 Rxa8 20. Qd5 Qg6 21. Bd3 Qf6 22. Qe4 Kg8 23. Ne3 Nd4 24. Nd5 Qe6 25.
Bxd4 Bg5 26. Be3 Rf8 27. Bxg5 Bf5 28. Ne7+ Qxe7 29. Bxe7 Bxe4 30. Bxe4 1-0

[Event "Early-Titled-Tuesday-Blitz-February-27-2024"]
[Site "Chess.com"]
[Date "2024.02.27"]
[Round "1"]
[White "IM_ArthurDW08"]
[Black "Slovineanu"]
[Result "1-0"]
[WhiteElo "2823"]
[BlackElo "2462"]
[TimeControl "180+1"]
[EndTime "8:05:13 PST"]
[Termination "IM_ArthurDW08 won by resignation"]

1. e4 c6 2. Nf3 d5 3. d3 dxe4 4. dxe4 Qc7 5. Bc4 e5 6. O-O Be7 7. Ng5 Nh6 8. Qh5 O-O 9. Nf3 Bg4 10. Qxe5 Bd6 11. Qg5 Bxf3 12. gxf3 Bxh2+ 13. Kg2 Be5 14. Rh1 Kh8 15. f4 Bd4 16. c3 Bb6 17. f5 Qe5 18.
Qh4 Nd7 19. Nd2 Nf6 20. Bd3 Rad8 21. Nf3 Qe7 22. e5 Rxd3 23. exf6 Qe2 24. fxg7+ Kg8 25. gxf8=Q+ Kxf8 26.
Bxh6+ Ke8 27. Rae1 1-0

[Event "Early-Titled-Tuesday-Blitz-February-27-2024"]
[Site "Chess.com"]
[Date "2024.02.27"]
[Round "1"]
[White "mishanick"]
[Black "SharapovEvgeny"]
[Result "1-0"]
[WhiteElo "3093"]
[BlackElo "2536"]
[TimeControl "180+1"]
[EndTime "8:05:21 PST"]
[Termination "mishanick won by resignation"]

1. d4 Nf6 2. c4 e6 3. Nc3 Bb4 4. e3 c5 5. Nf3 d6 6. Bd3 Nc6 7. Bd2 e5 8. d5 Ne7 9. e4 O-O 10.
h3 Bxc3 11. Bxc3 Ng6 12. g3 Ne8 13. Qc2 Rb8 14. O-O-O a6 15. Rdg1 b5 16. h4 bxc4 17.
Bxc4 h6 18. h5 Ne7 19. g4 f6 20. Nh4 Kh8 21. Nf5 Nc7 22. a4 Na8 23. Qd2 Kh7 24. Qe3 Nb6 25. Bb3 Bd7 26. a5 Na4 27.
Bd2 c4 28. Bxa4 Bxa4 29. Nxg7 Kxg7 30. Qxh6+ Kf7 31. g5 fxg5 32. Rxg5 Rg8 33. Qe6+ Kf8 34. Rhg1 Rxg5 35. Bxg5 1-0

[Event "Early-Titled-Tuesday-Blitz-February-27-2024"]
[Site "Chess.com"]
[Date "2024.02.27"]
[Round "1"]
[White "AlmasRakhmatullaev"]
[Black "lagunanivaria"]
[Result "1-0"]
[WhiteElo "2830"]
[BlackElo "2465"]
[TimeControl "180+1"]
[EndTime "8:05:22 PST"]
[Termination "AlmasRakhmatullaev won by resignation"]

1. e4 e5 2. Nf3 Nc6 3. Bc4 Nf6 4. Ng5 d5 5. exd5 Na5 6. Bb5+ c6 7. dxc6 bxc6 8. Bd3 Bc5 9. O-O h6 10. Ne4 Nxe4 11.
Bxe4 O-O 12. d3 Rb8 13. c3 f5 14. Bf3 e4 15. Be2 Nb7 16. dxe4 fxe4 17. Qxd8 Rxd8 18. Nd2 e3 19. Ne4 exf2+ 20. Kh1 Bf5 21. Nxc5 Nxc5 22. Rxf2 Bd3 23. Bf3 Be4 24. Be3 Bxf3 25. Bxc5 Bd5 26. Bxa7 Ra8 27. Bb6 Rdb8 28. Bd4 Rxa2 29. Rxa2 Bxa2 30.
b4 Bd5 31. h3 Re8 32. Kh2 Re1 33. Rf4 Re2 34. Rg4 Re7 35. c4 Be4 36. Bxg7 Kf7 37.
Bxh6 Bf5 38. Rg7+ Kf6 39. Rxe7 Kxe7 40. c5 Kf6 41. Bf4 Bd3 42. g4 Ke6 43. Kg3 Kd5 44.
h4 Kc4 45. Bd2 Kb3 46. Kf4 Kc2 47. Be1 Kc1 48. h5 Kd1 49. Bh4 Kc2 50. g5 1-0

[Event "Early-Titled-Tuesday-Blitz-February-27-2024"]
[Site "Chess.com"]
[Date "2024.02.27"]
[Round "1"]
[White "BursaBBSatranc"]
[Black "Arlo2024"]
[Result "1-0"]
[WhiteElo "2627"]
[BlackElo "2298"]
[TimeControl "180+1"]
[EndTime "8:05:22 PST"]
[Termination "BursaBBSatranc won by resignation"]

1. d4 Nf6 2. Bf4 c5 3. e3 cxd4 4. exd4 Qb6 5. Nc3 Qxb2 6. Nb5 Na6 7. a3 d6 8. Bc4 Bf5 9. Bb3 Rc8 10. Rb1 Bxc2 11.
Rxb2 Bxd1 12. Kxd1 Ne4 13. f3 Nc3+ 14. Nxc3 Rxc3 15.
Ne2 Rc7 16. Ba4+ Kd8 17. Kd2 g5 18. Be3 Rg8 19. Rc1 g4 20. Rxc7 Nxc7 21. Rxb7 e6 22.
h4 gxf3 23. gxf3 Rg2 24. Bg5+ Rxg5 25. hxg5 1-0

[Event "Early-Titled-Tuesday-Blitz-February-27-2024"]
[Site "Chess.com"]
[Date "2024.02.27"]
[Round "1"]
[White "olawsson"]
[Black "JonasEilenberg"]
[Result "0-1"]
[WhiteElo "2132"]
[BlackElo "2569"]
[TimeControl "180+1"]
[EndTime "8:05:22 PST"]
[Termination "JonasEilenberg won on time"]

1. d4 d5 2. c4 e6 3. Nc3 c6 4.
e3 Nf6 5. Nf3 Nbd7 6. Bd3 dxc4 7. Bxc4 b5 8. Bd3 Bb7 9. O-O a6 10. a4 b4 11. Ne4 c5 12. Ng3 Bd6 13. Qe2 cxd4 14. exd4 O-O 15. Bd2 Qb6 16. a5 Qa7 17. Ne5 Qxd4 18. Nxd7 Nxd7 19. Rfd1 Nf6 20. Bg5 Qe5 21.
Bxf6 Qxe2 22. Bxe2 gxf6 23. Rxd6 Bd5 24. Rxa6 Rac8 25. Bd3 Rc5 26. Ne2 Rfc8 27. Nd4 Rc1+ 0-1

[Event "Early-Titled-Tuesday-Blitz-February-27-2024"]
[Site "Chess.com"]
[Date "2024.02.27"]
[Round "1"]
[White "newauto"]
[Black "NMJeevanK"]
[Result "0-1"]
[WhiteElo "2214"]
[BlackElo "2594"]
[TimeControl "180+1"]
[EndTime "8:05:23 PST"]
[Termination "NMJeevanK won by resignation"]

1. d4 d5 2. Nf3 Nf6 3. Bg5 e6 4.
e3 Be7 5. Nbd2 O-O 6. Bd3 b6 7. O-O c5 8. c3 Nc6 9. Ne5 Nxe5 10. dxe5 Nd7 11. Bf4 f5 12. exf6 Nxf6 13. Nf3 Bd6 14. Ne5 Qc7 15. Nf3 Bxf4 16. exf4 Qxf4 17. Re1 Ne4 18. Qc2 Bb7 19. Rad1 Rf6 20. Qa4 Rg6 21.
Be2 Rf8 22. g3 Nxg3 23. Qxf4 Nxe2+ 24. Kf1 Nxf4 0-1

[Event "Early-Titled-Tuesday-Blitz-February-27-2024"]
[Site "Chess.com"]
[Date "2024.02.27"]
[Round "1"]
[White "Glaive_64"]
[Black "Kildepiotr"]
[Result "0-1"]
[WhiteElo "2365"]
[BlackElo "2673"]
[TimeControl "180+1"]
[EndTime "8:05:24 PST"]
[Termination "Kildepiotr won by resignation"]

1. Nf3 g6 2. g3 Bg7 3. Bg2 d5 4.
O-O Nf6 5. d3 O-O 6. Bd2 Nbd7 7.
c4 dxc4 8. dxc4 Ne4 9. Qc2 Nxd2 10. Nbxd2 e5 11. Rfd1 Qe7 12. Rab1 a5 13. a3 a4 14. h3 Nc5 15. Ne1 Bf5 16. e4 Bd7 17. Nd3 Ne6 18.
Nf3 f6 19. h4 Rfd8 20. Bh3 Nd4 21. Nxd4 Bxh3 22. Nb5 Bg4 23. Re1 Bh6 24. Nc3 c6 25. Kg2 Qd7 26. Nc5 Qe7 27. Nd3 Rd4 28. f3 Be6 29. f4 Bxc4 30. Rbd1 Bb3 31. Qe2 Rad8 32.
fxe5 fxe5 0-1

[Event "Early-Titled-Tuesday-Blitz-February-27-2024"]
[Site "Chess.com"]
[Date "2024.02.27"]
[Round "1"]
[White "sokidze"]
[Black "MasterKroket"]
[Result "1-0"]
[WhiteElo "2795"]
[BlackElo "2450"]
[TimeControl "180+1"]
[EndTime "8:05:26 PST"]
[Termination "sokidze won by resignation"]

1. d4 Nf6 2. c4 g6 3. Nf3 Bg7 4. g3 O-O 5. Bg2 c6 6. O-O d5 7. cxd5 cxd5 8. Ne5 Nc6 9. Nc3 e6 10. Nxc6 bxc6 11. Bg5 Qd6 12. Rc1 Nd7 13. a3 Rb8 14.
Qd2 c5 15. Bf4 e5 16. dxe5 Bxe5 17. Nxd5 Bxf4 18. gxf4 Nf6 19. Rfd1 Nxd5 20. Bxd5 Kg7 21. Qc3+ Qf6 22. Qxf6+ Kxf6 23. Rd2 Rb5 24. Bc6 Ra5 25. Rd5 Bg4 26. f3 Bh3 27. Rdxc5 Rxc5 28. Rxc5 Rd8 29. Bd5 Rd6 30. e4 Be6 31. e5+ 1-0

[Event "Early-Titled-Tuesday-Blitz-February-27-2024"]
[Site "Chess.com"]
[Date "2024.02.27"]
[Round "1"]
[White "gm_rashid"]
[Black "Alexchess1984"]
[Result "0-1"]
[WhiteElo "2444"]
[BlackElo "2781"]
[TimeControl "180+1"]
[EndTime "8:05:26 PST"]
[Termination "Alexchess1984 won by resignation"]

1. e4 c5 2. Nf3 Nc6 3. d4 cxd4 4. Nxd4 g6 5. Nc3 Bg7 6. Be3 Nf6 7. f3 O-O 8. Bc4 Re8 9. Qd2 e6 10. O-O-O d5 11.
exd5 exd5 12. Bb5 Bd7 13. Bg5 a6 14. Ba4 Nxd4 15. Qxd4 Bxa4 16. Qxa4 Qb6 17. Qd4 Qxd4 18.
Rxd4 Ne4 19. Rxd5 Nxg5 20. Rxg5 Bh6 21. h4 f6 22. Ne4 Rxe4 23. fxe4 fxg5 24. hxg5 Bxg5+ 25. Kd1 Rd8+ 26. Ke1 Re8 27. Ke2 Rxe4+ 28. Kd3 Re3+ 29.
Kd4 Re2 30. Kc3 Rxg2 0-1

[Event "Early-Titled-Tuesday-Blitz-February-27-2024"]
[Site "Chess.com"]
[Date "2024.02.27"]
[Round "1"]
[White "Capablanca_Oujda_2021"]
[Black "Genghis_K"]
[Result "0-1"]
[WhiteElo "2516"]
[BlackElo "2954"]
[TimeControl "180+1"]
[EndTime "8:05:27 PST"]
[Termination "Genghis_K won by resignation"]

1. e4 c5 2. Nf3 d6 3. d4 cxd4 4. Nxd4 Nf6 5. Nc3 a6 6. Bg5 e6 7. f4 h6 8. Bh4 Qb6 9. Qd2 Qxb2 10. Rb1 Qa3 11. f5 Be7 12. fxe6 Bxe6 13. Nxe6 fxe6 14. Bc4 d5 15. exd5 exd5 16. Bxf6 dxc4 17. Bxg7 Rg8 18. Qxh6 Nc6 19. Qg6+ Kd8 20. O-O Qxc3 21. Rfd1+ Kc7 22. Qg3+ Qxg3 23. hxg3 Bc5+ 0-1

[Event "Early-Titled-Tuesday-Blitz-February-27-2024"]
[Site "Chess.com"]
[Date "2024.02.27"]
[Round "1"]
[White "GMAkobianSTL"]
[Black "stasOR4ik"]
[Result "1-0"]
[WhiteElo "2800"]
[BlackElo "2454"]
[TimeControl "180+1"]
[EndTime "8:05:27 PST"]
[Termination "GMAkobianSTL won by resignation"]

1. d4 Nf6 2. c4 e6 3. Nf3 d5 4.
cxd5 exd5 5. Nc3 c6 6. Qc2 g6 7. Bg5 Bf5 8. Qc1 Bg7 9. Qe3+ Qe7 10. Qxe7+ Kxe7 11. e3 Nd7 12. Be2 h6 13. Bh4 g5 14.
Bg3 Ne4 15. Nxe4 Bxe4 16. O-O f6 17. Nd2 Bg6 18. b4 a6 19. Nb3 h5 20. h3 Ke6 21. a4 Bf8 22. Nc5+ Bxc5 23. bxc5 f5 24. h4 gxh4 25. Bxh4 Nf6 26. f3 Rh7 27. Kf2 Rg8 28. Rg1 Rhg7 29. Ra2 Kd7 30. Rb2 Kc8 31. Bxf6 1-0

[Event "Early-Titled-Tuesday-Blitz-February-27-2024"]
[Site "Chess.com"]
[Date "2024.02.27"]
[Round "1"]
[White "losersgame"]
[Black "AryanTari"]
[Result "0-1"]
[WhiteElo "2515"]
[BlackElo "2944"]
[TimeControl "180+1"]
[EndTime "8:05:28 PST"]
[Termination "AryanTari won by resignation"]

1. d4 Nf6 2. c4 g6 3. Nc3 d5 4. cxd5 Nxd5 5. e4 Nxc3 6. bxc3 Bg7 7. Nf3 c5 8. Be3 Qa5 9. Qd2 O-O 10. Rc1 Rd8 11.
d5 e6 12. c4 Qxd2+ 13. Nxd2 b6 14. Be2 Na6 15. O-O Nb4 16. a3 Na2 17. Rc2 Nc3 18. Bf3 Bd7 19. Rfc1 Na4 20. Bg5 Re8 21. h4 Rac8 22. Bf4 exd5 23. cxd5 b5 24. h5 c4 25. h6 Bd4 26. Nf1 Nc5 27. Ng3 Nd3 0-1

[Event "Early-Titled-Tuesday-Blitz-February-27-2024"]
[Site "Chess.com"]
[Date "2024.02.27"]
[Round "1"]
[White "Zavgorodniy_Sergiy"]
[Black "arnash_bauyrzhan"]
[Result "1-0"]
[WhiteElo "2633"]
[BlackElo "2310"]
[TimeControl "180+1"]
[EndTime "8:05:32 PST"]
[Termination "Zavgorodniy_Sergiy won by resignation"]

1. d4 d5 2. c4 e6 3. Nf3 Nf6 4. e3 Be7 5. Nbd2 O-O 6. Bd3 b6 7. O-O Bb7 8. Qe2 dxc4 9. Nxc4 Ne4 10. Rd1 Nd7 11. b3 Qe8 12. Bb2 c5 13. Rac1 Rc8 14.
dxc5 Ndxc5 15. Bb1 Rd8 16. Rxd8 Qxd8 17. Rd1 Qa8 18.
Nd4 Bf6 19. f3 Ng5 20. h4 Bxd4 21. exd4 Bxf3 22. gxf3 Nxf3+ 23. Kf2 Nxh4 24. dxc5 Qg2+ 25. Ke3 Qg3+ 26. Kd2 Rd8+ 27. Bd3 Qf4+ 28. Kc2 Rc8 29. cxb6 axb6 30. Kb1 b5 31. Nd6 1-0

[Event "Early-Titled-Tuesday-Blitz-February-27-2024"]
[Site "Chess.com"]
[Date "2024.02.27"]
[Round "1"]
[White "MaxLeto"]
[Black "Canal_Showdrez"]
[Result "1-0"]
[WhiteElo "2551"]
[BlackElo "1988"]
[TimeControl "180+1"]
[EndTime "8:05:33 PST"]
[Termination "MaxLeto won by resignation"]

1. g4 c6 2. Bg2 d6 3. h3 e6 4.
d4 Be7 5. c4 Nf6 6. Nc3 Bd7 7.
g5 Nh5 8. h4 g6 9. e4 O-O 10.
Be3 Na6 11. Nge2 Rc8 12. Qd2 Qc7 13. Bf3 Ng7 14. h5 c5 15. d5 e5 16. O-O-O Rb8 17.
Nb5 Qb6 18. Nec3 Nb4 19. Rh2 a6 20. Na3 Qc7 21. Rdh1 b5 22. hxg6 fxg6 23. Be2 bxc4 24. Bxc4 a5 25. Rxh7 1-0

[Event "Early-Titled-Tuesday-Blitz-February-27-2024"]
[Site "Chess.com"]
[Date "2024.02.27"]
[Round "1"]
[White "RandomNoob04"]
[Black "spotbet"]
[Result "1-0"]
[WhiteElo "2618"]
[BlackElo "2280"]
[TimeControl "180+1"]
[EndTime "8:05:34 PST"]
[Termination "RandomNoob04 won by resignation"]

1. b3 e5 2. Bb2 Nc6 3. e3 Bd6 4. Na3 Bxa3 5. Bxa3 d6 6. d4 e4 7. d5 Ne5 8. Bb2 Qe7 9. Ne2 f5 10. Ng3 a6 11. Qd2 Nf6 12. O-O-O Bd7 13. Be2 O-O-O 14. Qa5 Kb8 15. Bd4 Bc8 16. Nxf5 Bxf5 17. Bxa6 bxa6 18.
Qxa6 c5 19. dxc6 Qc7 20. Bb6 Qxc6 21. Qa7+ Kc8 22. Bxd8 Rxd8 23. Qxg7 Ned7 24. Rd4 Be6 25. Rhd1 d5 26. Qe7 Qc5 27. Qxe6 Qa3+ 28. Kb1 Kc7 29. Ra4 Qc5 30. Qa6 Rb8 31. Qa7+ Rb7 32. Qxc5+ Nxc5 33. Ra5 Kc6 34. Ra8 Ng4 35. Rd2 Nxh2 36. Rc8+ Kd6 37. c4 Nd3 38. Rd8+ Ke6 39. Rxd5 Ng4 40. Rd4 Nf6 41. f3 Nc5 42. Rd6+ Kf5 43. R6d5+ Nxd5 44. Rxd5+ Ke6 45. Rxc5 exf3 46. gxf3 Rg7 47. Rh5 1-0

[Event "Early-Titled-Tuesday-Blitz-February-27-2024"]
[Site "Chess.com"]
[Date "2024.02.27"]
[Round "1"]
[White "Marcin"]
[Black "MatthewG-p4p"]
[Result "0-1"]
[WhiteElo "2498"]
[BlackElo "2891"]
[TimeControl "180+1"]
[EndTime "8:05:35 PST"]
[Termination "MatthewG-p4p won by checkmate"]

1. Nf3 c5 2. e4 g6 3. d4 cxd4 4. Nxd4 Bg7 5. c4 Nc6 6. Be3 Nf6 7.
Nc3 O-O 8. f3 d6 9. Be2 Bd7 10.
O-O Nxd4 11. Bxd4 a5 12. Rc1 Bc6 13. b3 Nd7 14. Bxg7 Kxg7 15. Qd4+ Kg8 16. Rfd1 Qb6 17. Kf2 Rfc8 18. Ke3 Nc5 19. h4 e5 20. Qxd6 Qa7 21.
Qxe5 Nxb3+ 22. Kf4 Nxc1 23. Kg5 Qe3+ 24. f4 Nxe2 25.
Nxe2 Qxe2 26. g4 Re8 27. Qa1 Qxe4 28. Kh6 Qxf4+ 29. g5 Qxh4# 0-1